TOP OF THE 1ST |
Atlanta Smoke batting - Pitching for Athletic Club KC Athletics : RHP Curt Clarke
|
Pitching: RHP Curt Clarke
|
|
Batting: LHB Egidio Agnolutto
|
0-0: Swinging Strike 0-1: Bunt for hit - play at first, batter safe!
|
Batting: LHB Mike Blue
|
0-0: Called Strike Pickoff Throw to First - Error! E1 Egidio Agnolutto to second 0-1: Ball 1-1: Ball 2-1: DOUBLE (Groundball, 3L) Egidio Agnolutto scores
|
Batting: RHB Chris Smith
|
0-0: Swinging Strike 0-1: Ball 1-1: Called Strike 1-2: Strikes out swinging
|
Batting: RHB Nathan Horton
|
0-0: Called Strike 0-1: Ball 1-1: Fly out, F8 (Flyball, 8LM)
|
Batting: LHB Armando Esparza
|
0-0: Ball 1-0: Fly out, F5 (Popup, 5)
|
Top of the 1st over - 1 run(s), 2 hit(s), 1 error(s), 1 left on base; Atlanta 1 - Athletic Club KC 0 |
BOTTOM OF THE 1ST |
Athletic Club KC Athletics batting - Pitching for Atlanta Smoke : RHP Christian Pitts
|
Pitching: RHP Christian Pitts
|
|
Batting: RHB Rick Atkinson
|
0-0: Ball 1-0: Foul Ball, location: 2F 1-1: Ground out 5-3 (Groundball, 5)
|
Batting: RHB Yoshio Matsuo
|
0-0: Ball 1-0: Ball 2-0: Foul Ball, location: 2F 2-1: Ball 3-1: Base on Balls
|
Batting: LHB Emílio Sáenz
|
0-0: Ball 1-0: Grounds into double play, 4-6-3 (Groundball, 4)
|
Bottom of the 1st over - 0 run(s), 0 hit(s), 0 error(s), 0 left on base; Atlanta 1 - Athletic Club KC 0 |
TOP OF THE 2ND |
Atlanta Smoke batting - Pitching for Athletic Club KC Athletics : RHP Curt Clarke
|
Batting: RHB Nate Cates
|
0-0: Ball 1-0: Called Strike 1-1: Ball 2-1: Ball 3-1: Base on Balls
|
Batting: RHB Mal Bussard
|
0-0: Ball 1-0: Fly out, F3 (Popup, 3F)
|
Batting: RHB Leandro Tuzzi
|
0-0: Fly out, F8 (Line Drive, 8LD)
|
Batting: SHB Christian Pitts
|
0-0: Called Strike 0-1: Ball 1-1: Ball 2-1: Foul Ball, location: 2F 2-2: Ball 3-2: Strikes out swinging
|
Top of the 2nd over - 0 run(s), 0 hit(s), 0 error(s), 1 left on base; Atlanta 1 - Athletic Club KC 0 |
BOTTOM OF THE 2ND |
Athletic Club KC Athletics batting - Pitching for Atlanta Smoke : RHP Christian Pitts
|
Batting: RHB Cory Staton
|
0-0: Swinging Strike 0-1: Called Strike 0-2: Foul Ball, location: 2F 0-2: Foul Ball, location: 2F 0-2: Ball 1-2: Ball 2-2: Foul Ball, location: 2F 2-2: Strikes out swinging, 2-3 out at first.
|
Batting: LHB Chris Rice
|
0-0: Ball 1-0: Ball 2-0: SINGLE (Groundball, 34D)
|
Batting: RHB Ramón Souza
|
0-0: Called Strike 0-1: Ball 1-1: Called Strike 1-2: Strikes out looking
|
Batting: RHB Harry Fuller
|
0-0: Swinging Strike 0-1: Ball 1-1: Called Strike 1-2: Ground out 4-3 (Groundball, 4)
|
Bottom of the 2nd over - 0 run(s), 1 hit(s), 0 error(s), 1 left on base; Atlanta 1 - Athletic Club KC 0 |
TOP OF THE 3RD |
Atlanta Smoke batting - Pitching for Athletic Club KC Athletics : RHP Curt Clarke
|
Batting: LHB Egidio Agnolutto
|
0-0: Ground out 4-3 (Groundball, 4M)
|
Batting: LHB Mike Blue
|
0-0: Ball 1-0: Ball 2-0: Called Strike 2-1: Called Strike 2-2: Ball 3-2: Fly out, F4 (Line Drive, 4M)
|
Batting: RHB Chris Smith
|
0-0: Foul Ball, location: 2F 0-1: Ball 1-1: Foul Ball, location: 2F 1-2: Fly out, F3 (Popup, 3)
|
Top of the 3rd over - 0 run(s), 0 hit(s), 0 error(s), 0 left on base; Atlanta 1 - Athletic Club KC 0 |
BOTTOM OF THE 3RD |
Athletic Club KC Athletics batting - Pitching for Atlanta Smoke : RHP Christian Pitts
|
Batting: RHB Vicente Díaz
|
0-0: Ball 1-0: Fly out, F8 (Flyball, 8LS)
|
Batting: RHB Curt Clarke
|
0-0: Called Strike 0-1: Fly out, F9 (Line Drive, 9S)
|
Batting: RHB Rick Atkinson
|
0-0: Called Strike 0-1: Ground out 5-3 (Groundball, 5S)
|
Bottom of the 3rd over - 0 run(s), 0 hit(s), 0 error(s), 0 left on base; Atlanta 1 - Athletic Club KC 0 |
TOP OF THE 4TH |
Atlanta Smoke batting - Pitching for Athletic Club KC Athletics : RHP Curt Clarke
|
Batting: RHB Nathan Horton
|
0-0: Swinging Strike 0-1: Ground out 5-3 (Groundball, 5)
|
Batting: LHB Armando Esparza
|
0-0: Called Strike 0-1: Ball 1-1: TRIPLE (Groundball, 3L)
|
Batting: RHB Nate Cates
|
0-0: Called Strike 0-1: Foul Ball, location: 2F 0-2: Foul Ball, location: 2F 0-2: Foul Ball, location: 2F 0-2: Foul Ball, location: 2F 0-2: Foul Ball, location: 2F 0-2: Foul Ball, location: 2F 0-2: Foul Ball, location: 2F 0-2: Ball 1-2: Foul Ball, location: 2F 1-2: Strikes out looking
|
Batting: RHB Mal Bussard
|
0-0: Ball 1-0: Ball 2-0: Swinging Strike 2-1: Ball 3-1: Fly out, F8 (Flyball, 8RXD)
|
Top of the 4th over - 0 run(s), 1 hit(s), 0 error(s), 1 left on base; Atlanta 1 - Athletic Club KC 0 |
BOTTOM OF THE 4TH |
Athletic Club KC Athletics batting - Pitching for Atlanta Smoke : RHP Christian Pitts
|
Batting: RHB Yoshio Matsuo
|
0-0: Ball 1-0: Ground out 6-3 (Groundball, 6)
|
Batting: LHB Emílio Sáenz
|
0-0: Called Strike 0-1: Foul Ball, location: 2F 0-2: Strikes out swinging
|
Batting: RHB Cory Staton
|
0-0: Called Strike 0-1: Ground out U3 (Groundball, 3S)
|
Bottom of the 4th over - 0 run(s), 0 hit(s), 0 error(s), 0 left on base; Atlanta 1 - Athletic Club KC 0 |
TOP OF THE 5TH |
Atlanta Smoke batting - Pitching for Athletic Club KC Athletics : RHP Curt Clarke
|
Batting: RHB Leandro Tuzzi
|
0-0: Called Strike 0-1: Ball 1-1: Foul Ball, location: 2F 1-2: Fly out, F9 (Flyball, 89S)
|
Batting: SHB Christian Pitts
|
0-0: Fly out, F8 (Line Drive, 8LM)
|
Batting: LHB Egidio Agnolutto
|
0-0: Ball 1-0: Called Strike 1-1: Foul Ball, location: 2F 1-2: Ground out 4-3 (Groundball, 13)
|
Top of the 5th over - 0 run(s), 0 hit(s), 0 error(s), 0 left on base; Atlanta 1 - Athletic Club KC 0 |
BOTTOM OF THE 5TH |
Athletic Club KC Athletics batting - Pitching for Atlanta Smoke : RHP Christian Pitts
|
Batting: LHB Chris Rice
|
0-0: Ball 1-0: Called Strike 1-1: Ground out U3 (Groundball, 3S)
|
Batting: RHB Ramón Souza
|
0-0: Swinging Strike 0-1: Ball 1-1: Foul Ball, location: 2F 1-2: Foul Ball, location: 2F 1-2: DOUBLE (Flyball, 7D)
|
Batting: RHB Harry Fuller
|
0-0: Called Strike 0-1: Called Strike 0-2: Ground out 4-3 (Groundball, 34) Ramón Souza to third
|
Batting: RHB Vicente Díaz
|
0-0: Intentional Walk
|
Batting: RHB Curt Clarke
|
0-0: Fly out, F7 (Flyball, 78M)
|
Bottom of the 5th over - 0 run(s), 1 hit(s), 0 error(s), 2 left on base; Atlanta 1 - Athletic Club KC 0 |
TOP OF THE 6TH |
Atlanta Smoke batting - Pitching for Athletic Club KC Athletics : RHP Curt Clarke
|
Batting: LHB Mike Blue
|
0-0: Called Strike 0-1: Foul Ball, location: 2F 0-2: Ball 1-2: Ball 2-2: Ball 3-2: Strikes out swinging
|
Batting: RHB Chris Smith
|
0-0: Ball 1-0: Ball 2-0: Called Strike 2-1: Ball 3-1: Foul Ball, location: 2F 3-2: SINGLE (Groundball, 6MD)
|
Batting: RHB Nathan Horton
|
0-0: Ball 1-0: Called Strike 1-1: Ball 2-1: Ball 3-1: Foul Ball, location: 2F 3-2: Fly out, F4 (Popup, 3D)
|
Batting: LHB Armando Esparza
|
0-0: Called Strike 0-1: Foul Ball, location: 2F 0-2: 2-RUN HOME RUN (Flyball, 89XD), Distance : 420 ft
|
Batting: RHB Nate Cates
|
0-0: Called Strike 0-1: Swinging Strike 0-2: Strikes out looking
|
Top of the 6th over - 2 run(s), 2 hit(s), 0 error(s), 0 left on base; Atlanta 3 - Athletic Club KC 0 |
BOTTOM OF THE 6TH |
Athletic Club KC Athletics batting - Pitching for Atlanta Smoke : RHP Christian Pitts
|
Batting: RHB Rick Atkinson
|
0-0: Called Strike 0-1: Ball 1-1: Ball 2-1: Called Strike 2-2: SINGLE (Flyball, 9LS)
|
Batting: RHB Yoshio Matsuo
|
0-0: Ball 1-0: Ball 2-0: Foul Ball, location: 2F 2-1: Grounds into double play, 5-4-3 (Groundball, 56)
|
Batting: LHB Emílio Sáenz
|
0-0: Ball 1-0: Ball 2-0: Ball 3-0: Fly out, F7 (Flyball, 78D)
|
Bottom of the 6th over - 0 run(s), 1 hit(s), 0 error(s), 0 left on base; Atlanta 3 - Athletic Club KC 0 |
TOP OF THE 7TH |
Atlanta Smoke batting - Pitching for Athletic Club KC Athletics : RHP Curt Clarke
|
Batting: RHB Mal Bussard
|
0-0: Ball 1-0: Ball 2-0: Ball 3-0: Called Strike 3-1: Base on Balls
|
Pitching: RHP Byron Rogers
|
|
Batting: RHB Leandro Tuzzi
|
0-0: Ball 1-0: Fielders Choice at 2nd, 5-4 (Groundball, 5L)
|
Batting: SHB Christian Pitts
|
0-0: Ball 1-0: Ball 2-0: Bunt - Flyout! F5
|
Batting: LHB Egidio Agnolutto
|
0-0: Ball 1-0: Called Strike 1-1: Ball Leandro Tuzzi steals 2nd base 2-1: Foul Ball, location: 2F 2-2: Strikes out swinging
|
Top of the 7th over - 0 run(s), 0 hit(s), 0 error(s), 1 left on base; Atlanta 3 - Athletic Club KC 0 |
BOTTOM OF THE 7TH |
Athletic Club KC Athletics batting - Pitching for Atlanta Smoke : RHP Christian Pitts
|
Batting: RHB Cory Staton
|
0-0: Called Strike 0-1: Called Strike 0-2: Ball 1-2: Ball 2-2: DOUBLE (Groundball, 5L)
|
Batting: LHB Chris Rice
|
0-0: Ball 1-0: Foul Ball, location: 2F 1-1: Ball 2-1: Foul Ball, location: 2F 2-2: Ball 3-2: Foul Ball, location: 2F 3-2: Base on Balls
|
Batting: RHB Ramón Souza
|
0-0: Called Strike 0-1: Ball 1-1: Foul Ball, location: 2F 1-2: Foul Ball, location: 2F 1-2: Foul Ball, location: 2F 1-2: Ball 2-2: Ground out 5-3 (Groundball, 5S) Cory Staton to third Chris Rice to second
|
Batting: RHB Harry Fuller
|
0-0: SINGLE (Line Drive, 34) Cory Staton scores Chris Rice to third
|
Batting: RHB Vicente Díaz
|
0-0: Foul Ball, location: 2F 0-1: Ball Harry Fuller steals 2nd base 1-1: Swinging Strike 1-2: Ball 2-2: Fly out, F9 (Flyball, 9M) 2-2: Fly out, F9 (Flyball, 9M)
|
Pinch Hitting: LHB Tony Reynolds
|
0-0: Fly out, F9 (Flyball, 89D)
|
Bottom of the 7th over - 1 run(s), 2 hit(s), 0 error(s), 2 left on base; Atlanta 3 - Athletic Club KC 1 |
TOP OF THE 8TH |
Atlanta Smoke batting - Pitching for Athletic Club KC Athletics : RHP Byron Rogers
|
Pitching: LHP Tim Harris
|
|
Batting: LHB Mike Blue
|
0-0: Called Strike 0-1: Ball 1-1: SINGLE (Groundball, 6MD)
|
Pitching: RHP Craig Moody
|
|
Batting: RHB Chris Smith
|
0-0: Foul Ball, location: 2F 0-1: Ball 1-1: Swinging Strike 1-2: Grounds into double play, 6-4-3 (Groundball, 6)
|
Batting: RHB Nathan Horton
|
0-0: Ground out 6-3 (Groundball, 6MS)
|
Top of the 8th over - 0 run(s), 1 hit(s), 0 error(s), 0 left on base; Atlanta 3 - Athletic Club KC 1 |
BOTTOM OF THE 8TH |
Athletic Club KC Athletics batting - Pitching for Atlanta Smoke : RHP Christian Pitts
|
Pitching: RHP Fred Pitts
|
|
Now at 2B: Stan Hughes
|
|
Batting: RHB Rick Atkinson
|
0-0: Called Strike 0-1: Foul Ball, location: 2F 0-2: Ball 1-2: Ball 2-2: SINGLE (Groundball, 34D)
|
Batting: RHB Yoshio Matsuo
|
0-0: Ball 1-0: 2-RUN HOME RUN (Flyball, 78XD), Distance : 418 ft
|
Pitching: RHP Lance Hodges
|
|
Batting: LHB Emílio Sáenz
|
0-0: Ground out U3 (Groundball, 3)
|
Batting: RHB Cory Staton
|
0-0: Ball 1-0: Swinging Strike 1-1: Swinging Strike 1-2: Strikes out looking
|
Batting: LHB Chris Rice
|
0-0: Ball 1-0: Called Strike 1-1: Ball 2-1: Ball 3-1: Base on Balls
|
Batting: RHB Ramón Souza
|
0-0: Ball 1-0: 2-RUN HOME RUN (Flyball, 7LD), Distance : 367 ft
|
Batting: RHB Harry Fuller
|
0-0: Ball 1-0: Ball 2-0: DOUBLE (Flyball, 9LS)
|
Pitching: RHP Calvin McVurie
|
|
Batting: RHB Vicente Díaz
|
0-0: Called Strike 0-1: Fly out, F9 (Flyball, 89M)
|
Bottom of the 8th over - 4 run(s), 4 hit(s), 0 error(s), 1 left on base; Atlanta 3 - Athletic Club KC 5 |
TOP OF THE 9TH |
Atlanta Smoke batting - Pitching for Athletic Club KC Athletics : RHP Craig Moody
|
Pitching: RHP Carlos Fuentes
|
|
Now at C: Juan Benítez
|
|
Now in LF: Steve Brandon
|
|
Batting: LHB Armando Esparza
|
0-0: Ball 1-0: Ball 2-0: Ball 3-0: SINGLE (Groundball, 34D)
|
Batting: RHB Nate Cates
|
0-0: Ball 1-0: SINGLE (Line Drive, 9LS) Armando Esparza to second
|
Batting: RHB Mal Bussard
|
0-0: Called Strike 0-1: Grounds into double play, 5-4-3 (Groundball, 56) Armando Esparza to third
|
Pinch Hitting: LHB Roberto Rodríguez
|
0-0: Foul Ball, location: 2F 0-1: 2-RUN HOME RUN (Line Drive, 7LS), Distance : 376 ft
|
Pitching: RHP Chip Scott
|
|
Pinch Hitting: LHB Rick Harrison
|
0-0: Ball 1-0: Called Strike 1-1: Swinging Strike 1-2: Ball 2-2: Ball 3-2: Strikes out swinging
|
Top of the 9th over - 2 run(s), 3 hit(s), 0 error(s), 0 left on base; Atlanta 5 - Athletic Club KC 5 |
|